 Dungeon Crawl Stone Soup version 0.21.0-24-g2553a33 (webtiles) character file.

29 pstr the Digger (level 3, -19/28 HPs)
             Began as a Naga Earth Elementalist on Jan 21, 2018.
             Demolished by an ogre
             ... wielding a +0 giant spiked club
              (29 damage)
             ... on level 2 of the Dungeon.
             The game lasted 00:03:08 (917 turns).

pstr the Digger (Naga Earth Elementalist)            Turns: 917, Time: 00:03:09

Health: -19/28     AC:  3    Str: 10    XL:     3   Next: 16%
Magic:  4/6        EV: 10    Int: 16    God:
Gold:   46         SH:  0    Dex: 11    Spells: 3/7 levels left

rFire    . . .     SeeInvis +   (no weapon)
rCold    . . .     Gourm    .   (no shield)
rNeg     . . .     Faith    .   c - +0 robe
rPois    +         Spirit   .   (no helmet)
rElec    .         Reflect  .   k - +0 cloak (curse)
rCorr    .         Harm     .   (no gloves)
MR       .....                  (no barding)
Stlth    +.........             a - amulet of rage
HPRegen  0.09/turn              (no ring)
MPRegen  0.10/turn              (no ring)

@: confused, short of breath, very slow
A: large, see invisible, deformed body, poison resistance, slowness 2, slow
metabolism 1, spit poison 1, AC +1
a: Spit Poison, Evoke Berserk Rage


You were on level 2 of the Dungeon.
You were hungry.

You visited 1 branch of the dungeon, and saw 2 of its levels.

You collected 46 gold pieces.

Inventory:

Missiles
 m - 14 stones (quivered)
Armour
 c - a +0 robe (worn)
 h - a +0 leather armour
 k - a cursed +0 cloak (worn)
Jewellery
 a - an amulet of rage (around neck)
Scrolls
 f - 2 scrolls of remove curse {unknown}
 g - a scroll of teleportation {unknown}
 i - 3 scrolls of identify {unknown}
 j - 2 scrolls of blinking {unknown}
Books
 e - a book of Geomancy

   Spells                             Type                      Level
   a - Sandblast                      Earth                        1
   b - Passwall                       Transmutation/Earth          2
   c - Stone Arrow                    Conjuration/Earth            3
   d - Petrify                        Transmutation/Earth          4
   e - Lee's Rapid Deconstruction     Earth                        5
Comestibles
 b - 3 chunks of flesh
 d - 5 rations


   Skills:
 + Level 1.8 Dodging
 + Level 3.0 Stealth
 + Level 2.5 Spellcasting
   Level 1.0 Transmutations
 + Level 3.6 Earth Magic


You had 3 spell levels left.
You knew the following spells:

 Your Spells              Type           Power        Failure   Level  Hunger
a - Sandblast             Erth           ##....       4%          1    #......
b - Stone Arrow           Conj/Erth      #.....       28%         3    ###....


Dungeon Overview and Level Annotations

Branches:
Dungeon (2/15)

Altars:


Innate Abilities, Weirdness & Mutations

You cannot wear boots.
Your serpentine skin is tough. (AC +1)
You have supernaturally acute eyesight. (SInv)
Armour fits poorly on your strangely shaped body.
Your system is resistant to poisons. (rPois)
You cover ground very slowly.
You have a slow metabolism.
You can spit poison.


Message History

Confirm with . or Enter, or press ? or * to list all spells.
Aiming: Stone Arrow
Press: ? - help, Shift-Dir - straight line, f - ogre
Aim: an ogre, wielding a giant spiked club The stone arrow hits the ogre.
The ogre is moderately wounded.
The ogre hits you with a giant spiked club!!
Ouch! That really hurt!
* * * LOW HITPOINT WARNING * * *
Press: ? - help, Shift-Dir - straight line, f/p - ogre
Aim: an ogre, wielding a giant spiked club (moderately wounded)
The splash of poison hits the ogre.
The ogre is poisoned.
The ogre is moderately wounded.
You feel slightly more hungry. The ogre closely misses you.
It was a potion of ambrosia.
You are confused.
You feel invigorated.
The ogre hits you with a giant spiked club!!
Ouch! That really hurt!
You die...

#.........###+###
####.........###+#####
#....................#
#.[..................#
#....................#
#....########........#
###### #........#
#........#
########@##### #....#
#O# #....###l###
..%####.......r..#
...$.............#
........r........#
###..............#
#....###.......# #....
#.......#


You could see an ogre, a frilled lizard and a rat.

Vanquished Creatures
  A dart slug (D:1)
  A leopard gecko (D:1)
  2 giant cockroaches
  2 goblins
  5 hobgoblins (D:1)
  2 kobolds
  5 bats (D:1)
  4 frilled lizards (D:1)
  4 rats (D:1)
26 creatures vanquished.

Notes
Turn   | Place    | Note
-------+----------+-------------------------------------------
     0 | D:1      | pstr the Naga Earth Elementalist began the quest for the Orb.
     0 | D:1      | Reached XP level 1. HP: 15/15 MP: 3/3
   150 | D:1      | Reached XP level 2. HP: 22/22 MP: 3/5
   539 | D:1      | Reached XP level 3. HP: 28/28 MP: 4/6
   544 | D:1      | Learned a level 3 spell: Stone Arrow
   901 | D:2      | Noticed an ogre
   917 | D:2      | Demolished by an ogre

Action                   || total
-------------------------++-------
 Cast: Sandblast         ||    32
       Stone Arrow       ||     6
 Abil: Spit Poison       ||     3
  Use: Potion            ||     1
Armor: Robe              ||     3
Dodge: Dodged            ||    16
